 Dungeon Crawl Stone Soup version 0.32-a0-994-gabb26cbae4 (webtiles) character file.

Game seed: 8839297021311322143

6596 hofbold the Fighter (level 11, -12/89 HPs)
             Began as a Coglin Fighter on Apr 22, 2024.
             Killed from afar by a hell hound (21 damage)
             ... with a blast of flame
             ... on level 8 of the Dungeon.
             The game lasted 00:16:35 (8913 turns).

hofbold the Fighter (Coglin Fighter)                Turns: 8913, Time: 00:16:36

Health: -12/89     AC: 19    Str: 21    XL:     11   Next: 2%
Magic:  11/11      EV:  9    Int:  8    God:
Gold:   382        SH:  0    Dex: 13    Spells: 8/10 levels left

rFire   . . .        g - +4 trident (vamp) {Aiguo}
rCold   + . .        D - +2 dagger (holy) {Mizue}
rNeg    . . .        q - +1 chain mail {rC+}
rPois   .            (no helmet)
rElec   .            C - +2 cloak
rCorr   .            h - +2 pair of gloves
SInv    .            z - +0 pair of boots
Will    .....        (amulet unavailable) Stlth
                     (ring unavailable)
HPRegen 0.34/turn    (ring unavailable)
MPRegen 0.12/turn    (no gizmo)

%: no passive effects
@: about to teleport
A: off-hand wielding, slow wielding, warmup strikes, no jewellery
a: Invent Gizmo


You were on level 8 of the Dungeon.
You visited 2 branches of the dungeon, and saw 10 of its levels.

You collected 382 gold pieces.

Inventory:

Hand Weapons
 a - a +0 trident {Hidetaka}
 g - a +4 vampiric trident (weapon) {Aiguo}
 n - a +0 trident {Ealamassi}
 D - a +2 dagger of holy wrath (offhand) {Mizue}
Missiles
 o - 8 boomerangs (quivered)
 s - a throwing net
 E - 15 poisoned darts
 H - a curare-tipped dart
Armour
 h - a +2 pair of gloves (worn)
 q - a +1 chain mail of cold resistance (worn)
 z - a +0 pair of boots (worn)
 C - a +2 cloak (worn)
Wands
 l - a wand of roots (14)
 x - a wand of quicksilver (8)
 A - a wand of flame (7)
 B - a wand of polymorph (8)
Scrolls
 b - a scroll of teleportation
 c - 2 scrolls of immolation
 f - 3 scrolls of amnesia
 k - 3 scrolls of silence
 y - 2 scrolls of revelation
 F - a scroll of acquirement {unknown}
 G - 2 scrolls of identify
Potions
 e - 2 potions of lignification {unknown}
 i - 4 potions of enlightenment
 j - 3 potions of curing
 m - a potion of haste {unknown}
 p - a potion of invisibility {unknown}
 r - a potion of attraction {unknown}
 t - 2 potions of berserk rage {unknown}
 u - a potion of brilliance {unknown}
 v - 6 potions of resistance
 w - a potion of cancellation {unknown}


   Skills:
 * Level 9.0 Fighting
 * Level 7.8 Polearms
 + Level 5.2 Throwing
 + Level 6.0 Armour
 + Level 5.0 Dodging
 - Level 2.1 Shields
 + Level 6.9 Evocations


You had 8 spell levels left.
You knew the following spells:

 Your Spells              Type           Power      Damage    Failure   Level
x - Blink                 Tloc           0%         N/A       99%         2

Your spell library contained the following spells:

 Spells                   Type           Power      Damage    Failure   Level
 Magic Dart               Conj           0%         1d3       95%         1
 Call Imp                 Summ           0%         N/A       99%         2
 Jinxbite                 Hex            0%         N/A       99%         2
 Lesser Beckoning         Tloc           0%         N/A       99%         2
 Mercury Vapours          Alch/Air       0%         N/A       99%         2
 Frozen Ramparts          Ice            0%         1d1       100%        3
 Inner Flame              Hex/Fire       0%         N/A       100%        3
 Maxwell's Portable Pile  Tloc           0%         2d(5-13)  100%        3
 Mephitic Cloud           Conj/Alch/Air  0%         N/A       100%        3
 Ozocubu's Armour         Ice            0%         N/A       100%        3
 Teleport Other           Tloc           0%         N/A       100%        3
 Freezing Cloud           Conj/Ice/Air   0%         6-21      100%        5
 Irradiate                Conj/Alch      0%         3d11      100%        5
 Metabolic Englaciation   Hex/Ice        0%         N/A       100%        5
 Yara's Violent Unravell  Hex/Alch       0%         3d3       100%        5
 Dispersal                Tloc           0%         N/A       100%        6
 Gell's Gavotte           Tloc           0%         2d(11-16) 100%        6
 Enfeeble                 Hex            0%         N/A       100%        7
 Ignition                 Fire           0%         3d3       100%        8


Dungeon Overview and Level Annotations

Branches:
Dungeon (9/15)             Temple (1/1) D:4
   Lair: D:8-11         Orc: D:9-12

Altars:
Ashenzari
Cheibriados
Dithmenos
Elyvilon
Fedhas
Gozag
Hepliaklqana
Kikubaaqudgha
Makhleb
Nemelex Xobeh
Okawaru
Qazlal
Ru
Sif Muna
Trog
Uskayaw
Vehumet
Wu Jian
Xom
Yredelemnul
Zin
The Shining One

Annotations:
D:8 1 transporter


Innate Abilities, Weirdness & Mutations

You can wield a second weapon in your off-hand.
It takes a long time for you to wield or remove held weapons.
Your first few attacks do less damage.
You cannot equip rings or amulets.


Message History

Press: ? - help, Shift-Dir - straight line, f - fire bat
Aim: a fire bat (flame, heavily wounded, 60% to hit)
The bolt of dispelling energy misses the fire bat.
The fire bat barely misses you.
The fire bat bites you but does no damage. x2
Okay, then.
Okay, then.
Reach: g) +4 trident (vamp) {Aiguo}
Press: ? - help, Dir - move target, f/p - fire bat
Aim: a fire bat (heavily wounded, about 43% to evade your +4 vampiric trident)
You reach to attack!
You closely miss the fire bat with your +4 vampiric trident.
The fire bat is heavily wounded.
The fire bat bites you but does no damage.
The fire bat bites you.
You are engulfed in flames!
Aiming: Quicksilver Bolt
Press: ? - help, Shift-Dir - straight line, f - fire bat, p - fire bat
Aim: a fire bat (flame, heavily wounded, 60% to hit)
The bolt of dispelling energy misses the fire bat.
The fire bat bites you.
You are engulfed in flames.
The fire bat bites you.
You are engulfed in flames!
* * * LOW HITPOINT WARNING * * *
The fire bat closely misses you.
Cornered, the hell hound turns to fight!
As you read the scroll of teleportation, it crumbles to dust.
You feel strangely unstable.
The fire bat bites you but does no damage.
The hell hound breathes flames at you. The blast of flame hits you!
* * * LOW HITPOINT WARNING * * *
The fire bat bites you but does no damage.
You feel better. The fire bat bites you.
* * * LOW HITPOINT WARNING * * *
You are engulfed in flames!
* * * LOW HITPOINT WARNING * * *
The fire bat bites you but does no damage.
The hell hound breathes flames at you.
The blast of flame hits the fire bat.
The fire bat completely resists.
The blast of flame hits you!!
You die...

##...# #.©.........####..
#..###########....# #..
##.#°°○$©$○°☼#....## ##.
###☼☼○$)[°○☼#.....## ##
##.#°°○☼☼○☼☼○#......## #
#..#.○☼°○°.°○#....[..##
###..#..○○○○☼☼○#........#
####....####b○☼####........##
####...##...#°○@..☼°#..........#
##....####...#°°#b#○○#..........#
...##...###..#○○...○.#.........##
.##.......#..#○○#©#°°#......####
#............#○☼.○○○h########
.............#°°.°○.°#
.............#########
.................©.#
.............#.....#


You could see a hell hound (catching breath) and 2 fire bats.

Vanquished Creatures
  A two-headed ogre (D:9)
  Maurice (D:6)
  Joseph (D:7)
  Jeremiah (D:6)
  A gargoyle (D:7)
  Grinder (D:3)
  A yak (D:8)
  A fire bat (D:8)
  A fire elemental (D:8)
  A wraith (D:5)
  Menkaure (D:7)
  A steam dragon (D:8)
  Edmund (D:4)
  3 water moccasins
  A hell hound (D:8)
  2 orc warriors
  A black bear (D:6)
  2 ogres
  2 phantoms
  5 centaurs
  3 kobold brigands (D:8)
  5 bullfrogs
  3 scorpions
  3 wights (D:8)
  3 killer bees
  4 howler monkeys
  A bombardier beetle (D:5)
  2 hounds
  4 jellies
  3 orc priests
  A gnoll bouda (D:7)
  10 orc wizards
  Ijyb (D:3)
  5 iguanas
  8 adders
  5 gnolls (D:7)
  2 shadow imps
  A white imp (D:7)
  2 ufetubi
  4 dart slugs
  2 ribbon worms
  44 orcs
  5 bats
  10 endoplasms
  3 giant cockroaches
  5 goblins
  7 hobgoblins
  3 jackals (D:1)
  19 kobolds
  2 quokkas (D:2)
  10 ball pythons
  3 frilled lizards
  2 rats
214 creatures vanquished.

Vanquished Creatures (others)
  An orc wizard (D:7)
1 creature vanquished.

Grand Total: 215 creatures vanquished

Notes
Turn   | Place    | Note
-------+----------+-------------------------------------------
     0 | D:1      | hofbold the Coglin Fighter began the quest for the Orb.
     0 | D:1      | Reached XP level 1. HP: 18/18 MP: 1/1
     1 | D:1      | Noticed an electric eel
   192 | D:1      | Reached XP level 2. HP: 22/24 MP: 2/2
   657 | D:1      | Reached XP level 3. HP: 28/29 MP: 3/3
   845 | D:2      | Found a burning altar of Makhleb.
  1511 | D:3      | Reached XP level 4. HP: 37/37 MP: 4/4
  1588 | D:3      | Noticed Grinder
  1607 | D:3      | Paralysed by Grinder for 2 turns
  1610 | D:3      | Paralysed by Grinder for 5 turns
  1659 | D:4      | Reached skill level 1 in Throwing
  1659 | D:4      | Reached skill level 1 in Dodging
  1806 | D:4      | Reached skill level 4 in Fighting
  1806 | D:4      | Reached XP level 5. HP: 13/42 MP: 5/5
  1995 | D:4      | Found a staircase to the Ecumenical Temple.
  2001 | Temple   | Entered the Ecumenical Temple
  2089 | D:4      | Noticed an ogre
  2405 | D:3      | Noticed Ijyb
  2415 | D:3      | Killed Ijyb
  2798 | D:3      | Killed Grinder
  2799 | D:3      | Reached skill level 1 in Evocations
  2799 | D:3      | Reached XP level 6. HP: 30/49 MP: 6/6
  3140 | D:4      | Reached XP level 7. HP: 41/55 MP: 7/7
  3227 | D:4      | Noticed Edmund
  3232 | D:4      | Killed Edmund
  3233 | D:4      | Reached skill level 5 in Fighting
  3792 | D:5      | Entered Level 5 of the Dungeon
  4116 | D:5      | Reached XP level 8. HP: 52/63 MP: 8/8
  4488 | D:5      | Reached skill level 6 in Fighting
  4580 | D:5      | Found a radiant altar of Vehumet.
  4840 | D:6      | Noticed a wraith
  4842 | D:6      | Reached skill level 5 in Polearms
  4852 | D:5      | Killed a wraith
  4933 | D:6      | Noticed Jeremiah
  4948 | D:6      | Killed Jeremiah
  4949 | D:6      | Reached XP level 9. HP: 25/71 MP: 9/9
  5366 | D:6      | You fall into a shaft and drop 2 floors!
  5628 | D:8      | Reached skill level 7 in Fighting
  5659 | D:7      | Noticed a gargoyle
  5897 | D:6      | Reached skill level 5 in Evocations
  6130 | D:6      | Reached skill level 5 in Armour
  6445 | D:7      | Noticed Maurice
  6592 | D:6      | Something stole 9 boomerangs
  6599 | D:6      | Something stole 123 gold
  6600 | D:6      | Something stole a +0 trident {Hidetaka}
  6620 | D:6      | Killed Maurice
  6737 | D:7      | Noticed Menkaure
  6744 | D:7      | Killed Menkaure
  6745 | D:7      | Reached XP level 10. HP: 51/80 MP: 10/10
  6917 | D:7      | Noticed Joseph
  6937 | D:7      | Killed Joseph
  6938 | D:7      | Reached skill level 8 in Fighting
  6944 | D:7      | Learned a level 2 spell: Blink
  7003 | D:7      | Killed a gargoyle
  7937 | D:8      | Found a transporter.
  8528 | D:9      | Noticed a two-headed ogre
  8543 | D:9      | Killed a two-headed ogre
  8544 | D:9      | Reached skill level 5 in Throwing
  8749 | D:8      | Found a transporter.
  8905 | D:8      | Reached skill level 5 in Dodging
  8909 | D:8      | Reached skill level 9 in Fighting
  8909 | D:8      | Reached XP level 11. HP: 47/89 MP: 11/11
  8913 | D:8      | Killed from afar by a hell hound

Illustrated notes

Levels and vault maps discovered:
D:1:      arrival_aquarium_a, layout_basic, minmay_misc_feat_doors,
          fountainhead, nicolae_houndstooth_variations
D:2:      layout_rooms, basic_altar, serial_aquarium,
          aquarium_bridge_island_small [aquarium_subvault_small_open,
          aquarium_subvault_bridge, aquarium_subvault_bridge,
          aquarium_subvault_bridge, aquarium_subvault_window],
          aquarium_window_corner, aquarium_window_1, aquarium_view_2b,
          aquarium_pool_2, minmay_misc_feat_rows, corner_web_ring
D:3:      layout_basic, supply_closet_lemuel, uniq_grinder, uniq_ijyb
D:4:      layout_loops_corners, minmay_temple_entry_hall, uniq_edmund
D:5:      layout_gridville, mainiacjoe_overflow_catwalk,
          nicolae_ossuary_entry_monument
D:6:      layout_basic, hex_intersection, grunt_decor_fettered, st_stairs_5,
          uniq_jeremiah
D:7:      minmay_opposing_rooms, layout_basic, serial_bayou_pond_c,
          minmay_misc_feat_alley, uniq_maurice, uniq_menkaure, uniq_joseph
D:8:      gammafunk_cloud_chamber, layout_cave_pods
D:9:      layout_rooms
Temple:   minmay_crystal_snake_temple

Skill      XL: |  1  2  3  4  5  6  7  8  9 10 |
---------------+-------------------------------+-----
Polearms       | 2 3 4 5 6 7 |  7.8
Armour         | 3 4 5 6 |  6.0
Throwing       | 1 2 3 4 5 |  5.2
Dodging        | 1 2 3 4 5 |  5.0
Fighting       | 4 5 6 7 9 |  9.0
Evocations     | 1 2 4 5 6 |  6.9
Shields        | |  2.1

Action                     |  1- 3 |  4- 6 |  7- 9 | 10-12 || total
---------------------------+-------+-------+-------+-------++-------
  Melee: Trident           |   101 |   121 |   438 |   241 ||   901
         Dagger            |    42 |    20 |       |    78 ||   140
         Unarmed           |       |       |    17 |       ||    17
  Throw: Boomerang         |       |     6 |    28 |    24 ||    58
         Dart              |       |       |     5 |     1 ||     6
         Throwing net      |       |       |       |     1 ||     1
  Evoke: Wand              |       |     1 |    12 |     7 ||    20
    Use: Scroll            |     2 |     4 |    11 |     3 ||    20
         Potion            |       |     3 |       |     1 ||     4
 Armour: Scale mail        |    61 |    55 |     8 |       ||   124
         Chain mail        |       |       |   225 |   172 ||   397
         Skin              |       |       |    15 |       ||    15
  Dodge: Dodged            |    41 |    28 |   117 |    78 ||   264
  Block: Buckler           |     7 |       |       |       ||     7

Table legend: (Time is in decaauts)
 A = Elapsed time spent in this place.
 B = Non-inter-level travel time spent in this place.
 C = Inter-level travel time spent in this place.
 D = Time resting spent in this place.
 E = Time spent auto-exploring this place.
 F = Levels seen in this place.
 G = Mean time per level.
                   A        B        C        D        E       F      G
               +--------+--------+--------+--------+--------+-----+--------+
         Total |   8965 |   8626 |    339 |    555 |   6374 |  10 |  896.5 |
       Dungeon |   8961 |   8622 |    339 |    555 |   6374 |   9 |  995.7 |
        Temple |      3 |      3 |      0 |      0 |      0 |   1 |    3.0 |
               +--------+--------+--------+--------+--------+-----+--------+

Top non-repeatable levels by time:
     D:4: 1725 daAuts
     D:8: 1266 daAuts
     D:6: 1166 daAuts
     D:7: 1138 daAuts
     D:5: 1105 daAuts
     D:3: 1044 daAuts
     D:1: 854 daAuts
     D:2: 466 daAuts
     D:9: 194 daAuts
  Temple: 3 daAuts
